 Dungeon Crawl Stone Soup version 0.31-a0-654-gbe3e110b4e (webtiles) character file.

Game seed: 15554387438240038997

142899 rjrrt the Severer (level 16, -5/201 HPs)
             Began as a Demonspawn Berserker on Aug 30, 2023.
             Was the Champion of Trog.
             Slain by a naga mage
             ... wielding a +0 spear
              (7 damage)
             ... on level 4 of the Snake Pit.
             The game lasted 00:57:58 (21182 turns).

rjrrt the Severer (Demonspawn Berserker)           Turns: 21182, Time: 00:57:59

Health: -5/201     AC: 39    Str: 28    XL:     16   Next: 81%
Magic:  16/16      EV:  8    Int: 10    God:    Trog [******]
Gold:   101        SH:  9    Dex: 12    Spells: 15/15 levels left

rFire   + . .        a - +7 broad axe (heavy)
rCold   + + .        T - +3 warlock's mirror {omnireflect}
rNeg    . . .        v - +7 plate armour "Peqi" {rElec}
rPois   +            o - +0 helmet
rElec   +            (cloak unavailable)
rCorr   .            E - +2 pair of gloves
SInv    .            G - +2 pair of boots
Will    +....        I - amulet "Syr Cod" {rC++ Regen+ Str+3} Stlth
                     K - +4 ring of protection
HPRegen 1.33/turn    j - ring of poison resistance
MPRegen 0.15/turn

%: reflection
@: mighty, berserking, lethally poisoned (-5 -> -9), very quick
A: molten scales 3, foul stench 2, powered by pain 1, weakness stinger 3
a: Renounce Religion, Berserk, Trog's Hand, Brothers in Arms


You were on level 4 of the Snake Pit.
You worshipped Trog.
Trog was exalted by your worship.
You visited 4 branches of the dungeon, and saw 26 of its levels.
You visited 1 bazaar.

You collected 3071 gold pieces.
You spent 2970 gold pieces at shops.

Inventory:

Hand Weapons
 a - a +7 heavy broad axe (weapon)
 b - a +3 trident of flaming
 f - a +3 broad axe of flaming
 m - a +9 antimagic war axe
Missiles
 C - 25 boomerangs (quivered)
 P - 3 throwing nets
Armour
 o - a +0 helmet (worn)
 v - the +7 plate armour "Peqi" (worn) {rElec}
   (You acquired it on level 8 of the Dungeon)

   rElec:     It insulates you from electricity.
 E - a +2 pair of gloves (worn)
 G - a +2 pair of boots (worn)
 T - the +3 warlock's mirror (worn) {omnireflect}
   (You acquired it on level 2 of the Snake Pit)

   Omnireflect: It can block and reflect piercing ranged attacks and magical
   attacks against the wielder's willpower.
 W - a +2 kite shield of protection
Jewellery
 g - a ring of see invisible
 h - a ring of protection from fire
 j - a ring of poison resistance (right hand)
 I - the amulet "Syr Cod" (around neck) {rC++ Regen+ Str+3}
   (You bought it in a shop on level 2 of the Orcish Mines)

   [amulet of regeneration]

   Str+3:     It affects your strength (+3).
   rC++:      It greatly protects you from cold.
   Regen+:    It increases your rate of health regeneration.
 K - a +4 ring of protection (left hand)
 M - a ring of resist corrosion
Wands
 l - a wand of digging (11)
 n - a wand of polymorph (7)
 x - a wand of flame (14)
 B - a wand of paralysis (32)
 H - a wand of roots (20)
 R - a wand of acid (14)
 S - a wand of mindburst (5)
Scrolls
 s - 3 scrolls of fog
 t - 13 scrolls of teleportation
 D - 6 scrolls of blinking
 F - 4 scrolls of fear
 J - 2 scrolls of silence
 L - a scroll of torment
 N - 3 scrolls of revelation
 O - a scroll of summoning
 Q - 5 scrolls of poison
 U - 9 scrolls of identify
Potions
 c - 11 potions of curing
 e - 2 potions of heal wounds
 i - 4 potions of attraction
 k - 4 potions of haste
 p - 2 potions of ambrosia
 q - 2 potions of enlightenment
 r - 4 potions of cancellation
 u - 3 potions of resistance
 w - 6 potions of mutation
 y - 4 potions of lignification
 z - 4 potions of might
 A - a potion of berserk rage
 V - a potion of invisibility


   Skills:
 + Level 14.7 Fighting
 + Level 18.5 Axes
 + Level 13.4 Armour
 - Level 1.7 Dodging
 + Level 11.0 Shields
 - Level 4.0 Evocations


You had 15 spell levels left.
You didn't know any spells.
Your spell library was empty.

Dungeon Overview and Level Annotations

Branches:
Dungeon (15/15)            Temple (0/1) D:5            Lair (5/5) D:10
 Shoals (0/4) Lair:3        Snake (4/4) Lair:3        Slime (0/5) Lair:4
    Orc (2/2) D:9             Elf (0/3) Orc:2        Vaults (0/5) D:13
 Depths (0/4) D:15

Altars:
Ashenzari
Cheibriados
Gozag
Hepliaklqana
Kikubaaqudgha
Makhleb
Ru
Sif Muna
Trog
Vehumet
Wu Jian
Xom
Jiyva

Shops:
D:1 (   D:7 !   D:12 *   D:15 =*:[   Orc:2 [[==!   Snake:2 (   Snake:3 (*

Portals:
Hell: Lair:5

Annotations:
D:7 2 transporters, Age's ghost, novice MiFi


Innate Abilities, Weirdness & Mutations

You are completely covered in molten scales. (AC +4, rF+)
You sometimes emit foul miasma when damaged in melee.
You sometimes gain a little power by taking damage.
You have a sharp stinger which inflicts weakening toxins.


Message History

The naga warrior constricts you.
* * * LOW HITPOINT WARNING * * *
The naga mage hits you from afar with a +0 spear!
* * * LOW HITPOINT WARNING * * *
The salamander hits you but does no damage.
The shock serpent bites you.
* * * LOW HITPOINT WARNING * * *
The shock serpent shocks you. You resist.
* * * LOW HITPOINT WARNING * * *
Unknown command.
You slice the shock serpent like a ripe choko!!!
You feel the power of Trog in you as your rage grows.
You kill the shock serpent!
Trog accepts your kill.
You slice the naga warrior!!
You kill the naga warrior!
Trog accepts your kill.
The air sparks with electricity, shocking you!
You resist.
* * * LOW HITPOINT WARNING * * *
You feel very sick. You block the naga mage's attack.
The naga mage hits you but does no damage.
Unknown command.
* * * LOW HITPOINT WARNING * * *
You feel very sick.
The naga mage hits you but does no damage.
You block the naga mage's attack.
The naga mage attacks as it pursues you!
The naga mage barely misses you.
Things that are here:
a +0 short sword; a naga corpse Unknown command.
You are too berserk!
You closely miss the naga mage.
You tail-slap the naga mage, but do no damage.
The naga mage is moderately wounded.
* * * LOW HITPOINT WARNING * * *
You feel sick. The naga mage hits you with a +0 spear!
You die...

#####.....##
..N........#
..#++###...#
#. ##†)# ...
#..# ....
#))#
.....##.)#
......N†)#
......#@)##
#######.).#
.......NN.#
..........#
..........#
.........##
.........#
........##
.........


You could see a salamander (strong) and 2 naga magi.

Vanquished Creatures
  Vashnia (Snake:2)
  Frances (D:12)
  A nagaraja (Snake:2)
  The ghost of cforsyth the Prestidigitator, a journeyman GnAr of Hepliaklqana (Lair:5)
  Nessos (D:13)
  A dire elephant (Lair:5)
  The ghost of cforsyth the Prestidigitator, a journeyman GnAr of Hepliaklqana (D:13)
  Josephine (D:13)
  The ghost of ytrimaz the Mimic, a journeyman DsSh of Gozag (Orc:2)
  A great orb of eyes (D:15)
  Fannar (Lair:3)
  A rakshasa (D:15)
  2 salamander tyrants
  10 hydras
  4 vault guards (D:13)
  A catoblepas (Lair:4)
  5 boulder beetles
  4 two-headed ogres
  A death knight (D:14)
  6 anacondas
  4 centaur warriors
  16 naga warriors
  3 death yaks
  6 orc high priests (Orc:2)
  5 shock serpents
  7 naga sharpshooters
  A skyshark (Lair:5)
  A deep elf knight (D:13)
  Amaemon (Lair:2)
  A sun demon (Lair:5)
  8 skeletal warriors
  A salamander mystic (Snake:3)
  A naga ritualist (Snake:3)
  A wizard (Lair:5)
  A phantasmal warrior (D:14)
  8 orc knights
  9 ugly things
  2 deep elf pyromancers (D:14)
  4 mana vipers
  7 orc sorcerers
  4 manticores
  3 cyclopes
  13 salamanders
  A salamander (shapeshifter) (D:11)
  8 elephants
  A merfolk siren (Lair:3)
  8 naga magi
  19 black mambas
  2 orange demons
  A torpor snail (Lair:4)
  A torpor snail (shapeshifter) (D:15)
  3 guardian serpents
  6 rime drakes
  15 cane toads
  An unseen horror (D:11)
  A yaktaur (D:13)
  2 ice devils (Lair:5)
  15 komodo dragons
  3 red devils (Lair:5)
  2 polar bears
  3 meliai (D:14)
  4 trolls
  A merfolk (Lair:3)
  A hellwing (Lair:5)
  17 blink frogs
  A dream sheep (Lair:4)
  8 slime creatures (D:15)
  Sigmund (D:2)
  2 shadows
  8 spriggans (Lair:1)
  2 vampires
  37 yaks
  7 wraiths
  3 wyverns
  A basilisk (Lair:3)
  2 steam dragons
  A warg (Orc:2)
  6 vampire mosquitoes
  An acid dragon (D:8)
  18 nagas
  10 water moccasins
  3 hell hounds (Lair:5)
  31 orc warriors
  3 ice beasts
  3 sky beasts
  2 black bears
  9 ogres
  13 centaurs
  11 wolves
  A phantom (D:6)
  3 kobold brigands
  9 bullfrogs
  2 scorpions
  18 wights
  A hornet simulacrum (D:14)
  9 killer bees
  3 howler monkeys (D:8)
  5 electric eels
  4 hounds
  2 gnoll boudas
  23 orc priests
  Crazy Yiuf (D:2)
  3 sleepcaps
  Terence (D:2)
  5 iguanas
  22 orc wizards
  14 gnolls
  5 adders
  2 white imps
  An ufetubus (D:5)
  3 worms
  5 dart slugs
  85 orcs
  5 ball pythons
  3 endoplasms
  2 giant cockroaches (D:1)
  5 goblins
  7 hobgoblins
  2 jackals (D:3)
  4 quokkas
  3 bats
  15 kobolds
  7 rats
730 creatures vanquished.

Vanquished Creatures (collateral kills)
  A boulder beetle (D:9)
  A naga warrior (Snake:2)
  5 naga sharpshooters (Snake:2)
  A cyclops (D:9)
  A black mamba (Snake:2)
  A freezing wraith (D:9)
  2 yaks (D:9)
12 creatures vanquished.

Vanquished Creatures (others)
  A mana viper (Snake:1)
1 creature vanquished.

Grand Total: 743 creatures vanquished

Notes
Turn   | Place    | Note
-------+----------+-------------------------------------------
     0 | D:1      | rjrrt the Demonspawn Berserker began the quest for the Orb.
     0 | D:1      | Reached XP level 1. HP: 18/18 MP: 1/1
    45 | D:1      | Reached skill level 3 in Axes
   202 | D:1      | Found Akhy's Weapon Shop.
   299 | D:1      | Gained mutation: You have a small tail. [demonic ancestry]
   299 | D:1      | Reached XP level 2. HP: 23/24 MP: 2/2
   690 | D:2      | Gained mutation: You may rarely emit foul miasma when
                  | damaged in melee. [demonic ancestry]
   690 | D:2      | Reached XP level 3. HP: 17/29 MP: 3/3
   782 | D:2      | Noticed Sigmund
   807 | D:2      | Reached skill level 4 in Axes
   809 | D:2      | Killed Sigmund
   810 | D:2      | Reached skill level 5 in Axes
   810 | D:2      | Gained mutation: You are partially covered in molten
                  | scales. (AC +2) [demonic ancestry]
   810 | D:2      | Reached XP level 4. HP: 17/35 MP: 4/4
   810 | D:2      | Gained mutation: You sometimes gain a little power by
                  | taking damage. [demonic ancestry]
   810 | D:2      | Reached XP level 5. HP: 19/41 MP: 5/5
   879 | D:2      | Reached ** piety under Trog
   941 | D:2      | Found a runed translucent door.
   942 | D:2      | Noticed Crazy Yiuf
   947 | D:2      | Killed Crazy Yiuf
   948 | D:2      | Reached skill level 6 in Axes
  1077 | D:2      | Noticed Terence
  1084 | D:2      | Killed Terence
  1311 | D:3      | Found a shimmering blue altar of Sif Muna.
  1362 | D:3      | Reached XP level 6. HP: 47/47 MP: 6/6
  1516 | D:3      | Identified the +3 trident of Afamax {flame, Will- Dex+3}
  2478 | D:4      | Reached skill level 7 in Axes
  2552 | D:5      | Entered Level 5 of the Dungeon
  2664 | D:5      | Reached XP level 7. HP: 52/52 MP: 7/7
  2669 | D:5      | Reached *** piety under Trog
  2894 | D:5      | Found a staircase to the Ecumenical Temple.
  2994 | D:5      | Reached skill level 8 in Axes
  2994 | D:5      | Found a radiant altar of Vehumet.
  3019 | D:5      | Found an opulent altar of Gozag.
  3495 | D:6      | Reached skill level 9 in Axes
  3495 | D:6      | Gained mutation: You are mostly covered in molten scales.
                  | (AC +3) [demonic ancestry]
  3495 | D:6      | Reached XP level 8. HP: 47/58 MP: 8/8
  3676 | D:6      | Reached skill level 10 in Axes
  3810 | D:6      | Found a bloodstained altar of Trog.
  3927 | D:6      | Reached skill level 11 in Axes
  3979 | D:7      | Found a transporter.
  3998 | D:7      | Gained mutation: You have a tail ending in a sharp stinger.
                  | [demonic ancestry]
  3998 | D:7      | Reached XP level 9. HP: 53/63 MP: 9/9
  4013 | D:7      | Found a bloodstained altar of Trog.
  4013 | D:7      | Found a transporter.
  4183 | D:7      | Reached **** piety under Trog
  4233 | D:7      | Noticed Age's ghost (novice MiFi)
  4234 | D:7      | Noticed a two-headed ogre
  4257 | D:7      | Noticed a moth of wrath
  4426 | D:7      | Reached skill level 12 in Axes
  4704 | D:7      | Reached skill level 13 in Axes
  5106 | D:7      | Found Neefoe's Distillery.
  5114 | D:7      | Bought a potion of resistance for 120 gold pieces
  5114 | D:7      | Bought a potion of might for 48 gold pieces
  5114 | D:7      | Bought a potion of mutation for 96 gold pieces
  5305 | D:8      | Reached XP level 10. HP: 70/70 MP: 10/10
  5348 | D:8      | Found a snail-covered altar of Cheibriados.
  5523 | D:8      | Identified a scroll of acquirement
  5523 | D:8      | Acquired the +7 plate armour "Peqi" {rElec}
  5619 | D:8      | Paralysed by an orc for 4 turns
  5825 | D:9      | Reached skill level 1 in Evocations
  5840 | D:9      | Noticed a manticore
  5866 | D:9      | Reached ***** piety under Trog
  6023 | D:9      | Noticed a boulder beetle
  6085 | D:9      | Noticed a six-headed hydra
  6234 | D:9      | Found a staircase to the Orcish Mines.
  6267 | D:9      | Noticed a manticore
  6270 | D:9      | Killed a manticore
  6295 | D:9      | Killed a boulder beetle
  6296 | D:9      | Reached skill level 14 in Axes
  6299 | D:9      | Killed an 11-headed hydra
  6300 | D:9      | Reached skill level 5 in Fighting
  6309 | D:9      | Noticed a cyclops
  6314 | D:9      | Reached XP level 11. HP: 78/80 MP: 11/11
  6654 | Orc:1    | Entered Level 1 of the Orcish Mines
  6854 | Orc:2    | Entered Level 2 of the Orcish Mines
  6899 | Orc:2    | Noticed an orc sorcerer
  6900 | Orc:2    | Found Pipposett's Distillery.
  6901 | Orc:2    | Noticed a soul eater
  6929 | D:10     | Entered Level 10 of the Dungeon
  6937 | D:10     | Reached skill level 5 in Armour
  6969 | D:10     | Found a hazy altar of Hepliaklqana.
  7136 | D:10     | Found a staircase to the Lair.
  7571 | D:10     | Found an ornate altar of the Wu Jian Council.
  7649 | Lair:1   | Entered Level 1 of the Lair of Beasts
  7932 | Lair:1   | Noticed a death yak
  7933 | Lair:1   | Noticed a six-headed hydra
  7969 | Lair:1   | Killed a one-headed hydra
  7969 | Lair:1   | Received a gift from Trog
  7979 | Lair:1   | Killed a death yak
  7980 | Lair:1   | Reached skill level 15 in Axes
  7980 | Lair:1   | Gained mutation: You have a sharp stinger which inflicts
                  | weakening toxins. [demonic ancestry]
  7980 | Lair:1   | Reached XP level 12. HP: 92/92 MP: 12/12
  8013 | Lair:1   | Noticed a boulder beetle
  8019 | Lair:1   | Killed a boulder beetle
  8765 | Lair:1   | Identified the +0 leather armour of Cipnauw {Harm Str+2}
  8954 | Lair:2   | Reached skill level 1 in Shields
  9178 | Lair:2   | Noticed Amaemon
  9210 | Lair:2   | Killed Amaemon
  9990 | Lair:3   | Found a staircase to the Snake Pit.
 10058 | Lair:3   | Noticed an eight-headed hydra
 10066 | Lair:3   | Killed a four-headed hydra
 10067 | Lair:3   | Gained mutation: You are completely covered in molten
                  | scales. (AC +4, rF+) [demonic ancestry]
 10067 | Lair:3   | Reached XP level 13. HP: 103/103 MP: 13/13
 10126 | Lair:3   | Found a staircase to the Shoals.
 10136 | Lair:3   | Reached skill level 10 in Fighting
 10251 | Lair:3   | Noticed Fannar
 10261 | Lair:3   | Killed Fannar
 10647 | Lair:4   | Received a gift from Trog
 10699 | Lair:4   | Reached skill level 16 in Axes
 10791 | Lair:4   | Found a viscous altar of Jiyva.
 10792 | Lair:4   | Found a staircase to the Slime Pits.
 11041 | Lair:5   | Entered Level 5 of the Lair of Beasts
 11122 | Lair:5   | Reached skill level 5 in Shields
 11154 | Lair:5   | Found a large runed translucent door.
 11154 | Lair:5   | Found a large runed translucent door.
 11155 | Lair:5   | Noticed cforsyth's ghost (journeyman GnAr)
 11186 | Lair:5   | Killed cforsyth's ghost
 11391 | Lair:5   | Found a shimmering altar of Xom.
 11783 | Lair:5   | Noticed a dire elephant
 11791 | Lair:5   | Reached skill level 10 in Armour
 11795 | Lair:5   | Killed a dire elephant
 11807 | Lair:5   | Gained mutation: You sometimes emit foul miasma when
                  | damaged in melee. [demonic ancestry]
 11807 | Lair:5   | Reached XP level 14. HP: 113/113 MP: 14/14
 11962 | Lair:5   | Found a burning altar of Makhleb.
 11997 | Lair:5   | Found a gateway to Hell.
 12005 | Lair:5   | Identified the staff "Vyir" {rPois Str-5 Int+6 Dex+4
                  | Poison}
 12566 | Orc:2    | Bought a potion of haste for 180 gold pieces
 12566 | Orc:2    | Bought a potion of enlightenment for 90 gold pieces
 12566 | Orc:2    | Bought a potion of haste for 180 gold pieces
 12566 | Orc:2    | Bought a potion of curing for 54 gold pieces
 12566 | Orc:2    | Bought a potion of haste for 180 gold pieces
 12566 | Orc:2    | Bought a potion of berserk rage for 90 gold pieces
 12616 | Orc:2    | Received a gift from Trog
 12966 | Orc:2    | Found a staircase to the Elven Halls.
 13338 | Orc:2    | Received a gift from Trog
 13417 | Orc:2    | Found Dufra's Jewellery Emporium.
 13417 | Orc:2    | Found Usitocva's Jewellery Emporium.
 13418 | Orc:2    | Found Hoinn's Antique Armour Shoppe.
 13418 | Orc:2    | Found Tatov Tuegewk's Armour Emporium.
 13438 | Orc:2    | Bought the amulet "Syr Cod" {rC++ Regen+ Str+3} for 972
                  | gold pieces
 13535 | Orc:2    | Found a runed translucent door.
 13549 | Orc:2    | Paralysed by an orc sorcerer for 3 turns
 13718 | Orc:2    | Found a runed translucent gate.
 13718 | Orc:2    | Found a runed translucent gate.
 13718 | Orc:2    | Found a runed translucent gate.
 13718 | Orc:2    | Noticed ytrimaz's ghost (journeyman DsSh)
 13731 | Orc:2    | Killed ytrimaz's ghost
 13732 | Orc:2    | Reached skill level 17 in Axes
 13734 | Orc:2    | Identified the +10 war axe of Omyoq Tit {drain, rF+ rC++}
 14452 | D:12     | Noticed Frances
 14469 | D:12     | Killed Frances
 14629 | D:12     | Found Mohiarr's Assorted Antiques.
 14637 | D:12     | Bought a potion of heal wounds for 145 gold pieces
 14637 | D:12     | Bought a scroll of identify for 58 gold pieces
 14691 | D:12     | Found a broken altar of Ashenzari.
 15002 | D:13     | Received a gift from Trog
 15003 | D:13     | Reached XP level 15. HP: 122/122 MP: 15/15
 15156 | D:13     | Noticed Josephine
 15171 | D:13     | Killed Josephine
 15217 | D:13     | Found a runed translucent gate.
 15217 | D:13     | Found a runed translucent gate.
 15217 | D:13     | Found a runed translucent gate.
 15266 | D:13     | Noticed Nessos
 15271 | D:13     | Killed Nessos
 15709 | D:13     | Found a gate to the Vaults.
 15773 | D:13     | Noticed cforsyth's ghost (journeyman GnAr)
 16130 | D:13     | Killed cforsyth's ghost
 16143 | D:13     | Identified the +2 scimitar of Poasunue {heavy, +Blink
                  | Dex+4}
 16323 | D:14     | Identified the orb "Curaisk" {*channel, Drain rElec rPois
                  | Slay+6}
 16671 | D:14     | Found a sacrificial altar of Ru.
 16820 | D:15     | Entered Level 15 of the Dungeon
 16838 | D:15     | Found Gegoehug's Assorted Antiques.
 16879 | D:15     | Found Jennedut's Jewellery Shoppe.
 16934 | D:15     | Found Keybbink's Book Emporium.
 16955 | D:15     | Found Jyirimof's Armour Emporium.
 16975 | D:15     | Found a flickering gateway to a bazaar.
 16984 | Bazaar   | Entered a bazaar
 16984 | Bazaar   | Found Oneisijo's Antique Weapon Shop.
 16984 | Bazaar   | Found Ommes's Distillery.
 17026 | Bazaar   | Found Ferol's Antique Armour Shop.
 17050 | Bazaar   | Bought a potion of invisibility for 64 gold pieces
 17513 | D:15     | Found a staircase to the Depths.
 17863 | Snake:1  | Entered Level 1 of the Snake Pit
 18276 | Snake:1  | Reached ****** piety under Trog
 18369 | Snake:1  | Received a gift from Trog
 18451 | Snake:1  | Reached XP level 16. HP: 97/132 MP: 16/16
 18826 | Snake:2  | Found a runed translucent door.
 18873 | Snake:2  | Reached skill level 18 in Axes
 18877 | Snake:2  | Reached skill level 10 in Shields
 19151 | Snake:2  | Noticed Vashnia
 19167 | Snake:2  | Killed Vashnia
 19246 | Snake:2  | Found an ancient bone altar of Kikubaaqudgha.
 19315 | Snake:2  | Found Ilataem's Weapon Shoppe.
 19404 | Snake:2  | Acquired the +3 warlock's mirror {omnireflect}
 19404 | Snake:2  | Found the +3 warlock's mirror {omnireflect}
 19994 | Snake:2  | Identified the +11 battleaxe "Dythruro" {heavy, Str+2
                  | Stlth+}
 20178 | Snake:3  | Found Tuihete's Antique Weapon Shop.
 20789 | Snake:3  | Found Gutuczeu's Overcharged Wands.
 20797 | Snake:3  | Bought a wand of digging (11) for 693 gold pieces
 21126 | Snake:4  | Entered Level 4 of the Snake Pit
 21179 | Snake:4  | HP: 10/201 [shock serpent (2)]
 21181 | Snake:4  | HP: 3/201 [poisoned by a naga mage (bolt of poison)]
 21182 | Snake:4  | Slain by a naga mage

Illustrated notes

Levels and vault maps discovered:
D:1:      dpeg_arrival_water_temple_mockup, layout_rooms, serial_shops,
          nicolae_square_shop, grunt_decor_clamped,
          hangedman_decor_diamond_cutter, nicolae_twisty_statue_hallways
D:2:      layout_rooms, uniq_sigmund, uniq_crazy_yiuf_cottage, uniq_terence
D:3:      minmay_wonky_spiral, layout_loops_ring, mainiacjoe_overflow_paths,
          minmay_misc_feat_doors, nrook_campfire
D:4:      layout_rooms
D:5:      layout_basic, mainiacjoe_overflow_alcove_2,
          grunt_temple_overflow_open, minmay_temple_entry_enclosed_plants
D:6:      layout_rooms, bloody_trog, kennysheep_generic_room_8
D:7:      layout_rooms, serial_bayou, serial_bayou_lagoon_a,
          serial_bayou_pond_d, serial_bayou_ford_a, serial_bayou_pond_e,
          serial_bayou_lake_a, gammafunk_ghost_wrathful_warriors, serial_shops,
          shop
D:8:      layout_basic, mainiacjoe_overflow_concentric_impassable
D:9:      layout_rooms, orc_0_dummy, minmay_fractal_squares_gapless_7
D:10:     layout_rooms, mainiacjoe_overflow_boulevard,
          worldfamousw_hep_ancestral_shrine, hellmonk_lair_entry_icy,
          serial_aquarium, aquarium_bridge_square [aquarium_subvault_bridge,
          aquarium_subvault_wall, aquarium_subvault_wall,
          aquarium_subvault_bridge], aquarium_bridge_straight
          [aquarium_subvault_bridge, aquarium_subvault_balcony,
          aquarium_subvault_bridge, aquarium_subvault_window],
          aquarium_window_fake, aquarium_window_2, aquarium_view_2b,
          aquarium_balcony_3a
D:11:     layout_small_grid, kennysheep_generic_room_14
D:12:     layout_roguey, serial_shops, shop, nicolae_ashenzari_skybound,
          uniq_frances
D:13:     layout_long_grid, grunt_vaults_entry_fortified,
          gammafunk_ghost_hydra_chop, minmay_misc_feat_tower,
          serial_park_tiny_pond, uniq_josephine, uniq_nessos
D:14:     layout_rooms, infiniplex_staircase_river, hangedman_ru_absence
D:15:     gammafunk_enter_depths_forms, layout_cave_pools, serial_shops,
          bzr_entry_water, nicolae_square_shop,
          nicolae_shop_pleasant_corner_grove, nicolae_shop_tiny_statue_garden,
          shop, serial_column_ruins, column_ruins_circle_small,
          column_ruins_corridor_plus, column_ruins_open_large,
          column_ruins_grid_3, column_ruins_open_tiny,
          chequers_serial_rivers_large_a, roderic_serpentine_path
Lair:1:   kb_forest_paths, layout_cave_pods
Lair:2:   layout_roguey, minivault_27, uniq_amaemon
Lair:3:   layout_regular_city, elwin_shoals_entry_rooms, dummy_snake_entry,
          minmay_stone_trees_small, grunt_megastairs_5, uniq_fannar
Lair:4:   layout_cave_shapes, slime_entry_1, minmay_shattered_shrine
Lair:5:   evil_forest, layout_regular_city, ebering_ghost_disaster_area,
          lemuel_centaur_altar, uniq_snorg
Snake:1:  nicolae_snake_crotalidae_crossing, layout_gridlike, st_stairs_5
Snake:2:  layout_gridlike, basic_altar, nicolae_stop_n_shop_2, lightli_airlock,
          uniq_vashnia
Snake:3:  layout_layer_cave, serial_shops, nicolae_shop_real_fake_doors,
          nicolae_shop_overcharged_wands
Snake:4:  snake_pit_salamanders_mu, layout_cave_town
Orc:1:    layout_caves
Orc:2:    st_orc_pillars, layout_caves, serial_shops, shop,
          ebering_ghost_rock_garden, lightli_church_of_beogh

Skill      XL: |  1  2  3  4  5  6  7  8  9 10 11 12 13 14 15 16 |
---------------+-------------------------------------------------+-----
Axes           | 3 5 6 7 9 11 13 14 15 16 17 18 | 18.5
Armour         | 4 6 8 10 11 12 13 | 13.4
Evocations     | 4 |  4.0
Fighting       | 5 8 9 11 12 13 14 | 14.7
Shields        | 3 6 8 9 11 | 11.0
Dodging        | |  1.7

Action                     |  1- 3 |  4- 6 |  7- 9 | 10-12 | 13-15 | 16-18 || total
---------------------------+-------+-------+-------+-------+-------+-------++-------
  Melee: Hand axe          |    78 |    89 |       |    32 |    42 |       ||   241
         Tailslap          |     6 |    20 |    36 |    70 |   146 |    35 ||   313
         War axe           |       |    52 |   268 |   304 |       |       ||   624
         Punch             |       |       |     3 |     6 |       |       ||     9
         Broad axe         |       |       |       |   141 |   790 |   248 ||  1179
         Trident           |       |       |       |       |     1 |       ||     1
  Throw: Boomerang         |       |       |       |       |     1 |       ||     1
 Invoke: Berserk           |     1 |     2 |     4 |     4 |     9 |     2 ||    22
         Brothers in Arms  |       |       |       |     1 |     2 |     4 ||     7
         Trog's Hand       |       |       |       |       |     3 |       ||     3
  Evoke: Wand              |       |       |       |       |    12 |       ||    12
    Use: Scroll            |     4 |     6 |     3 |    12 |     8 |     1 ||    34
         Potion            |       |       |     1 |       |       |       ||     1
   Stab: Distracted        |       |       |       |       |     1 |     1 ||     2
 Armour: Ring mail         |    13 |       |       |       |       |       ||    13
         Animal skin       |     1 |       |       |       |       |       ||     1
         Scale mail        |    13 |     2 |       |       |       |       ||    15
         Chain mail        |       |    81 |    85 |    11 |       |       ||   177
         Plate armour      |       |       |   103 |   371 |   661 |   164 ||  1299
  Dodge: Dodged            |    31 |    62 |   110 |   170 |   303 |    70 ||   746
  Block: Buckler           |       |       |       |    23 |   213 |    74 ||   310
         Reflection        |       |       |       |       |    22 |    18 ||    40
         Tower shield      |       |       |       |       |    85 |    58 ||   143
         Kite shield       |       |       |       |       |       |     5 ||     5

Table legend: (Time is in decaauts)
 A = Elapsed time spent in this place.
 B = Non-inter-level travel time spent in this place.
 C = Inter-level travel time spent in this place.
 D = Time resting spent in this place.
 E = Time spent auto-exploring this place.
 F = Levels seen in this place.
 G = Mean time per level.
                   A        B        C        D        E       F      G
               +--------+--------+--------+--------+--------+-----+--------+
         Total |  21452 |  20296 |   1156 |   1297 |  12534 |  27 |  794.5 |
       Dungeon |  11374 |  10782 |    592 |    767 |   6661 |  15 |  758.3 |
          Lair |   4980 |   4548 |    432 |    144 |   3226 |   5 |  996.0 |
     Snake Pit |   3307 |   3220 |     87 |    267 |   1908 |   4 |  826.8 |
  Orcish Mines |   1710 |   1667 |     43 |    119 |    692 |   2 |  855.0 |
        Bazaar |     79 |     79 |      0 |      0 |     47 |   1 |   79.0 |
               +--------+--------+--------+--------+--------+-----+--------+

Top non-repeatable levels by time:
  Lair:1: 1334 daAuts
   Orc:2: 1298 daAuts
 Snake:2: 1286 daAuts
     D:7: 1239 daAuts
  Lair:5: 1231 daAuts
    D:13: 1220 daAuts
  Lair:3: 1081 daAuts
 Snake:3: 1006 daAuts
 Snake:1: 961 daAuts
     D:5: 885 daAuts
     D:9: 875 daAuts
    D:10: 770 daAuts
  Lair:2: 756 daAuts
     D:3: 718 daAuts
    D:15: 702 daAuts
